 Dungeon Crawl Stone Soup version 0.25.1-2-g60ff931df9 (webtiles) character file.

Game seed: 13708662770033898218

2454 Ethylacetat the Frost Mage (level 9, 0/68 HPs)
             Began as a Naga Ice Elementalist on Aug 20, 2020.
             Was a Follower of Cheibriados.
             Slain by Pikel
             ... wielding a +0 whip of electrocution
              (19 damage)
             ... on level 7 of the Dungeon.
             The game lasted 00:34:37 (8126 turns).

Ethylacetat the Frost Mage (Naga Ice Elementalist)  Turns: 8126, Time: 00:34:39

Health: 0/68       AC:  6    Str: 13    XL:     9   Next: 50%
Magic:  15/18      EV: 10    Int: 21    God:    Cheibriados [*.....]
Gold:   395        SH:  0    Dex: 13    Spells: 13/21 levels left

rFire    . . .     SeeInvis +   g - +6 flail (vorpal)
rCold    . . .     Gourm    .   (no shield)
rNeg     . . .     Faith    .   t - +2 animal skin
rPois    +         Spirit   .   u - +1 helmet
rElec    .         Reflect  .   q - +1 cloak {Stlth+}
rCorr    .         Harm     .   (no gloves)
MR       +....                  (no barding)
Stlth    ++........             (no amulet)
HPRegen  0.21/turn              (no ring)
MPRegen  0.16/turn              (no ring)

@: corroded, frozen ramparts, very slow
A: large, see invisible, deformed body, poison resistance, slowness 2, slow
metabolism 1, spit poison 1, AC +3
a: Spit Poison, Bend Time, Renounce Religion


You were on level 7 of the Dungeon.
You worshipped Cheibriados.
Cheibriados was aware of your devotion.
You were not hungry.

You visited 2 branches of the dungeon, and saw 8 of its levels.
You also visited: Sewer.

You collected 395 gold pieces.

Inventory:

Hand Weapons
 g - a +6 vorpal flail (weapon)
 x - a +2 shortbow of freezing
Missiles
 y - 22 arrows
Armour
 q - a +1 cloak of stealth (worn)
 t - a +2 animal skin (worn)
 u - a +1 helmet (worn)
Wands
 n - a wand of digging (3)
 p - a wand of flame (24)
Scrolls
 a - a scroll of enchant armour {unknown}
 e - 11 scrolls of identify {unknown}
 i - 10 scrolls of teleportation {unknown}
 j - 5 scrolls of remove curse {unknown}
 k - 2 scrolls of amnesia {unknown}
 m - a scroll of blinking {unknown}
 o - a scroll of random uselessness {unknown}
 r - 3 scrolls of fear {unknown}
 v - a scroll of enchant weapon {unknown}
 z - a scroll of noise {unknown}
 A - a scroll of vulnerability {unknown}
 B - a scroll of fog {unknown}
Potions
 b - 3 potions of magic
 d - 5 potions of resistance
 f - a potion of haste
 h - 4 potions of lignification {unknown}
 l - 2 potions of heal wounds
 s - 4 potions of curing {unknown}
 w - a potion of ambrosia {unknown}
 C - a potion of brilliance {unknown}
Comestibles
 c - 11 rations


   Skills:
 + Level 3.2 Bows
 - Level 1.5 Dodging
 - Level 3.0 Stealth
 + Level 6.5 Spellcasting
 * Level 10.5 Ice Magic
 + Level 0.5 Invocations


You had 13 spell levels left.
You knew the following spells:

 Your Spells              Type           Power        Failure   Level  Hunger
a - Freeze                Ice            ####         1%          1    None
b - Frozen Ramparts       Ice            ######       1%          3    #......
c - Hailstorm             Conj/Ice       ####....     11%         4    ###....

Your spell library contained the following spells:

 Spells                   Type           Power        Failure   Level  Hunger
 Ozocubu's Armour         Chrm/Ice       ####....     3%          3    #......
 Summon Ice Beast         Ice/Summ       ####....     11%         4    ###....
 Confusing Touch          Hex            #.......     28%         3    #......
 Gell's Gravitas          Tloc           #.........   28%         3    #......
 Metabolic Englaciation   Hex/Ice        ####......   30%         5    #####..
 Petrify                  Tmut/Erth      #.......     67%         4    ###....
 Yara's Violent Unravell  Hex/Tmut       #.........   95%         5    #####..


Dungeon Overview and Level Annotations

Branches:
Dungeon (7/15)             Temple (1/1) D:5           Sewer (visited)

Altars:
Cheibriados
Dithmenos
Elyvilon
Fedhas
Gozag
Hepliaklqana
Kikubaaqudgha
Nemelex Xobeh
Okawaru
Qazlal
Ru
Sif Muna
Trog
Uskayaw
Wu Jian
Xom
Yredelemnul
Zin
The Shining One

Shops:
D:6 [

Annotations:
D:7 Pikel


Innate Abilities, Weirdness & Mutations

You cannot wear boots.
Your serpentine skin is tough. (AC +3)
You have supernaturally acute eyesight. (SInv)
Armour fits poorly on your strangely shaped body.
Your system is resistant to poisons. (rPois)
You cover ground very slowly.
You have a slow metabolism.
You can spit poison.


Message History

The walls around you are covered in ice.
The slave shouts!
Your +2 shortbow of freezing stops glowing.
g - a +6 vorpal flail (weapon)
The slave shouts!
Pikel resists.
The wall freezes Pikel.
Pikel zaps a wand.
The bolt of acid misses you.
The slave shouts!
You hit Pikel.
Pikel is heavily wounded.
Pikel resists.
The wall freezes Pikel.
Pikel hits you but does no damage.
You are electrocuted!
You miss Pikel.
Pikel is heavily wounded.
You have got your breath back.
Pikel looks more healthy.
Pikel resists.
The wall freezes Pikel.
Pikel hits you with a +0 whip of electrocution.
* * * LOW HITPOINT WARNING * * *
You are electrocuted!!
You die...

..........# .(.
########.## p..
#..# ##.p. ##.#
###...h #.# .....#p
#.# #..#. ## #.#
#...K#.# #.#
#.###..##@# #.#
#...)..#.## #.#
#.>.## #.# ##.##
#.#
##.##############.#
#.#...............#
##.################
###


You could see Pikel, 3 slaves and a hound.

Vanquished Creatures
  Sigmund (D:3)
  A sky beast (D:6)
  A necrophage (D:6)
  3 ice beasts
  2 phantoms
  A centaur (D:5)
  An ogre (D:4)
  A bullfrog (D:6)
  A scorpion (D:4)
  2 howler monkeys (D:5)
  A centaur zombie (D:5)
  2 crimson imps
  4 hounds
  Crazy Yiuf (D:2)
  2 orc priests
  A bullfrog skeleton (D:7)
  7 orc wizards
  Jessica (D:2)
  6 iguanas
  8 worker ants
  A killer bee zombie (D:7)
  A hound zombie (D:6)
  2 hound skeletons
  Robin (D:3)
  A worker ant zombie (D:6)
  3 gnolls (D:5)
  13 adders
  A river rat (D:3)
  2 shadow imps
  An adder skeleton (D:6)
  2 worms (D:3)
  2 dart slugs
  6 leopard geckos
  11 orcs
  7 bats
  A bat zombie (D:4)
  11 giant cockroaches
  20 goblins
  15 hobgoblins
  8 jackals
  9 kobolds
  8 quokkas
  7 ball pythons
  9 frilled lizards
  7 rats
  A rat zombie (D:4)
  A fungus (D:2)
198 creatures vanquished.

Notes
Turn   | Place    | Note
-------+----------+-------------------------------------------
     0 | D:1      | Ethylacetat the Naga Ice Elementalist began the quest for
                  | the Orb.
     0 | D:1      | Reached XP level 1. HP: 15/15 MP: 3/3
   302 | D:1      | Reached XP level 2. HP: 22/22 MP: 5/5
   877 | D:1      | Reached XP level 3. HP: 25/28 MP: 3/6
  1272 | D:2      | Noticed Jessica
  1279 | D:2      | Killed Jessica
  1279 | D:2      | Reached skill level 5 in Ice Magic
  1279 | D:2      | Reached XP level 4. HP: 24/36 MP: 3/8
  1808 | D:2      | Found a runed translucent door.
  1809 | D:2      | Noticed Crazy Yiuf
  1817 | D:2      | Killed Crazy Yiuf
  1817 | D:2      | Reached XP level 5. HP: 38/42 MP: 0/9
  2431 | D:3      | Found a glowing drain.
  2441 | D:3      | Reached skill level 6 in Ice Magic
  2448 | Sewer    | Entered a sewer
  2669 | Sewer    | Reached XP level 6. HP: 42/49 MP: 4/11
  2749 | Sewer    | Learned a level 3 spell: Frozen Ramparts
  2962 | D:3      | Found a stormy altar of Qazlal.
  3237 | D:3      | Found a white marble altar of Elyvilon.
  3305 | D:3      | Noticed Robin
  3338 | D:3      | Killed Robin
  3519 | D:3      | Noticed Sigmund
  3530 | D:3      | Killed Sigmund
  3530 | D:3      | Reached skill level 7 in Ice Magic
  3757 | D:3      | Reached XP level 7. HP: 55/55 MP: 13/13
  3862 | D:4      | You fall into a shaft and drop 1 floor!
  3862 | D:5      | Entered Level 5 of the Dungeon
  4457 | D:4      | HP: 2/55 [iguana (8)]
  4488 | D:4      | Found a shimmering blue altar of Sif Muna.
  4741 | D:4      | Reached skill level 8 in Ice Magic
  4919 | D:4      | Found an ancient bone altar of Kikubaaqudgha.
  4927 | D:4      | Reached XP level 8. HP: 55/62 MP: 9/15
  5117 | D:5      | Reached skill level 5 in Spellcasting
  5316 | D:5      | Found an opulent altar of Gozag.
  5364 | D:5      | Reached skill level 9 in Ice Magic
  5740 | D:5      | Reached skill level 1 in Bows
  5924 | D:5      | Found a staircase to the Ecumenical Temple.
  5937 | Temple   | Entered the Ecumenical Temple
  6024 | Temple   | Became a worshipper of Cheibriados the Contemplative
  6478 | D:6      | Noticed Edmund
  6479 | D:6      | Noticed Edmund
  6479 | D:6      | Edmund changed into Edmund the ice beast
  6488 | D:6      | Killed Edmund the ice beast
  6513 | D:6      | Reached XP level 9. HP: 21/68 MP: 14/18
  6784 | D:6      | Found a hide-covered altar of Uskayaw.
  6810 | D:6      | Reached skill level 10 in Ice Magic
  7185 | D:6      | Found a bloodstained altar of Trog.
  7324 | D:6      | Found Astul's Armour Emporium.
  7703 | D:7      | Reached * piety under Cheibriados
  7709 | D:7      | Learned a level 4 spell: Hailstorm
  8118 | D:7      | Noticed Pikel
  8126 | D:7      | Slain by Pikel

Illustrated notes

Levels and vault maps discovered:
D:1:      nicolae_arrival_memento_mori, layout_loops_ring
D:2:      layout_loops_ring, uniq_crazy_yiuf_cottage, uniq_jessica
D:3:      layout_loops_ring, lemuel_coloured_pillars_altar, first_ration,
          portal_sewer_entry_e, nicolae_qazlal_eye_of_the_storm, uniq_robin,
          uniq_sigmund
D:4:      corexii_shack_village, layout_basic,
          lemuel_zombie_altar_kikubaaqudgha, minmay_ruined_shrine
D:5:      layout_cave_pods, grunt_gozag_statues, temple_statues
D:6:      layout_basic, lemuel_crystal_altar, serial_shops, shop_fountains,
          trog_book, uniq_edmund
D:7:      layout_loops_ring, serial_shops, kennysheep_mini, uniq_pikel
Temple:   regret_index_temple_sphere_string

Skill      XL: |  1  2  3  4  5  6  7  8  9 |
---------------+----------------------------+-----
Ice Magic      | 5 6 7 8 9 10 | 10.5
Spellcasting   | 3 4 6 |  6.5
Bows           | 2 3 |  3.2
Dodging        | |  1.5
Stealth        | |  3.0
Invocations    | |  0.5

Action                   |  1- 3 |  4- 6 |  7- 9 || total
-------------------------+-------+-------+-------++-------
Melee: Unarmed           |    10 |    12 |       ||    22
       Whip              |    18 |    25 |       ||    43
       Quarterstaff      |       |    98 |     4 ||   102
       Dagger            |       |    28 |   192 ||   220
       Flail             |       |       |   103 ||   103
 Fire: Shortbow          |       |       |     2 ||     2
 Cast: Freeze            |    16 |    24 |    13 ||    53
       Frozen Ramparts   |       |     1 |    19 ||    20
 Abil: Spit Poison       |    22 |    27 |    40 ||    89
Evoke: Wand              |       |       |     3 ||     3
  Use: Potion            |       |       |     3 ||     3
 Stab: Sleeping          |     1 |     5 |     2 ||     8
       Distracted        |       |       |     1 ||     1
  Eat: Chunk             |     2 |     8 |    13 ||    23
       Ration            |       |       |     1 ||     1
Armor: Robe              |     7 |    38 |       ||    45
       Animal skin       |       |     6 |   149 ||   155
       Skin              |       |     2 |       ||     2
Dodge: Dodged            |    22 |    96 |   169 ||   287
